 Dungeon Crawl Stone Soup version 0.30-a0-329-g85436e0a43 (webtiles) character file.

Game seed: 6455394205854444725

115 koil the Grave Robber (level 4, -7/32 HPs)
             Began as a Demonspawn Necromancer on Oct 29, 2022.
             Was an Initiate of Yredelemnul.
             Killed from afar by Terence (18 damage)
             ... with a bolt of light
             ... on level 3 of the Dungeon.
             The game lasted 00:06:53 (1765 turns).

koil the Grave Robber (Demonspawn Necromancer)      Turns: 1765, Time: 00:06:53

Health: -7/32      AC:  5    Str:  8    XL:     4   Next: 68%
Magic:  5/7        EV: 12    Int: 18    God:    Yredelemnul [......]
Gold:   56         SH:  4    Dex: 14    Spells: 3/8 levels left

rFire   . . .      SeeInvis .    a - +0 dagger (speed)
rCold   . . .      Faith    .    (no shield)
rNeg    . . .      Spirit   .    d - +0 robe
rPois   .          Reflect  .    k - +1 hat
rElec   .          Harm     .    (no cloak)
rCorr   .          Rampage  .    (no gloves)
Will    .....                    (no boots)
Stlth   ++........               (no amulet)
HPRegen 0.25/turn                (no ring)
MPRegen 0.10/turn                (no ring)

@: no status effects
A: icy blue scales 1, spiny 1, condensation shield
a: Renounce Religion, Recall Undead Harvest


You were on level 3 of the Dungeon.
You worshipped Yredelemnul.
Yredelemnul was noncommittal.
You visited 1 branch of the dungeon, and saw 3 of its levels.

You collected 56 gold pieces.

Inventory:

Hand Weapons
 a - a +0 dagger of speed (weapon)
 l - a +0 dagger
 n - a +1 spectral quarterstaff
Missiles
 i - 4 poisoned darts
Armour
 d - a +0 robe (worn)
 k - a +1 hat (worn)
 m - a +0 leather armour
Scrolls
 c - 3 scrolls of teleportation {unknown}
 h - a scroll of immolation
 j - 3 scrolls of identify {unknown}
 o - a scroll of poison {unknown}
Potions
 b - a potion of magic
 e - a potion of curing {unknown}
 f - a potion of attraction {unknown}
 g - 2 potions of flight {unknown}


   Skills:
 + Level 1.5 Fighting
 + Level 1.2 Short Blades
 + Level 0.3 Armour
 + Level 2.4 Dodging
 + Level 2.4 Stealth
 + Level 2.6 Spellcasting
 + Level 4.8 Necromancy


You had 3 spell levels left.
You knew the following spells:

 Your Spells              Type           Power      Damage    Failure   Level
a - Necrotise             Necr           76%        1d7       2%          1
b - Animate Dead          Necr           19%        N/A       22%         4

Your spell library contained the following spells:

 Spells                   Type           Power      Damage    Failure   Level
 Vampiric Draining        Necr           19%        2d7       7%          3
 Agony                    Necr           19%        N/A       54%         5


Dungeon Overview and Level Annotations

Branches:
Dungeon (3/15)

Altars:
Yredelemnul

Annotations:
D:3 Terence


Innate Abilities, Weirdness & Mutations

You are partially covered in icy blue scales. (AC +2)
You are partially covered in sharp spines.
A meltable shield of frost defends you. (SH +4)


Message History

The hound zombie barely misses you.
You hit the hound zombie.
The hound zombie is almost destroyed.
The hound zombie is struck by your spines.
You destroy the hound zombie!
No target in view!
No target in view!
HP restored.
Found a stone staircase leading down.
Found a mace.
You see here a +0 mace.
You see here a +1 spectral quarterstaff.
You see here a +1 spectral quarterstaff.
n - a +1 spectral quarterstaff
o - a scroll labelled IRIDABO SECW An adder comes into view.
Terence the Incautious comes into view.
He is wielding a +2 trident of holy wrath, wearing a +1 scale mail of fire resistance and carrying a wand of light (5).
Terence shouts!
The adder hisses angrily.
You hit the adder.
The adder is lightly wounded.
The adder writhes in agony.
The adder barely misses you. The adder bites you.
You miscast Necrotise.
You are very lightly contaminated with residual magic.
Nothing appears to happen.
The adder is struck by your spines. The adder closely misses you.
The adder writhes in agony!
You kill the adder!
You block Terence's attack.
Terence zaps a wand.
The bolt of light hits you!
You are confused.
Terence zaps a wand.
The bolt of light hits you!
You are more confused.
Your magical contamination has completely faded away.
You're too confused to move!
You're too confused to move!
You feel less confused.
Terence zaps a wand.
The bolt of light hits you!!
Ouch! That really hurt!
You die...
Your body rises from the dead as a mindless zombie.

##################
##.........).......
#######..################
#.............# #
.####........# #
#..@.....# # #.@.######
########...# #..........#
#.......#### #.......#
+.......+ #.......#
#.......#


You could see Terence.

Vanquished Creatures
  A hound zombie (D:3)
  A howler monkey zombie (D:3)
  3 adders
  A worm (D:2)
  4 dart slugs
  An orc (D:3)
  4 endoplasms
  2 giant cockroaches (D:1)
  6 goblins
  7 hobgoblins
  3 kobolds (D:1)
  2 quokkas
  3 ball pythons
  2 bats (D:1)
  2 frilled lizards (D:1)
  A quokka zombie (D:3)
  3 rats
46 creatures vanquished.

Vanquished Creatures (collateral kills)
  A ball python (D:1)
1 creature vanquished.

Grand Total: 47 creatures vanquished

Notes
Turn   | Place    | Note
-------+----------+-------------------------------------------
     0 | D:1      | koil the Demonspawn Necromancer began the quest for the
                  | Orb.
     0 | D:1      | Reached XP level 1. HP: 13/13 MP: 3/3
   275 | D:1      | Gained mutation: You are partially covered in sharp spines.
                  | [demonic ancestry]
   275 | D:1      | Reached XP level 2. HP: 20/20 MP: 1/5
   417 | D:1      | Reached skill level 1 in Fighting
   466 | D:1      | Gained mutation: A meltable shield of frost defends you.
                  | (SH +4) [demonic ancestry]
   466 | D:1      | Reached XP level 3. HP: 18/26 MP: 6/6
   792 | D:2      | Found a faded altar of an unknown god.
  1354 | D:2      | Gained mutation: You are partially covered in icy blue
                  | scales. (AC +2) [demonic ancestry]
  1354 | D:2      | Reached XP level 4. HP: 32/32 MP: 7/7
  1477 | D:2      | Reached skill level 1 in Short Blades
  1482 | D:2      | Learned a level 4 spell: Animate Dead
  1658 | D:3      | Found a basalt altar of Yredelemnul.
  1684 | D:3      | Became a worshipper of Yredelemnul the Dark
  1751 | D:3      | Noticed Terence
  1765 | D:3      | Killed from afar by Terence

Illustrated notes

Levels and vault maps discovered:
D:1:      mrwooster_arrival_arrow, layout_basic
D:2:      layout_loops_ring, hellmonk_ecumenical_altar_blasted
D:3:      wad_river_or_something, layout_basic,
          nicolae_yredelemnul_corpse_copse, uniq_terence

Skill      XL: |  1  2  3  4 |
---------------+-------------+-----
Stealth        | 2 |  2.4
Dodging        | 2 |  2.4
Fighting       | 1 |  1.5
Short Blades   | 1 |  1.2
Armour         | |  0.3
Spellcasting   | |  2.6
Necromancy     | |  4.8

Action                   |  1- 3 |  4- 6 || total
-------------------------+-------+-------++-------
Melee: Dagger            |    58 |    34 ||    92
       Unarmed           |    11 |       ||    11
       Punch             |       |     2 ||     2
 Cast: Necrotise         |    31 |     8 ||    39
 Stab: Distracted        |     1 |       ||     1
       Sleeping          |     2 |     2 ||     4
Armor: Robe              |     6 |     4 ||    10
Dodge: Dodged            |    40 |    11 ||    51
Block: Other             |     2 |     5 ||     7

Table legend: (Time is in decaauts)
 A = Elapsed time spent in this place.
 B = Non-inter-level travel time spent in this place.
 C = Inter-level travel time spent in this place.
 D = Time resting spent in this place.
 E = Time spent auto-exploring this place.
 F = Levels seen in this place.
 G = Mean time per level.
                   A        B        C        D        E       F      G
               +--------+--------+--------+--------+--------+-----+--------+
         Total |   1749 |   1707 |     42 |     74 |   1261 |   3 |  583.0 |
       Dungeon |   1749 |   1707 |     42 |     74 |   1261 |   3 |  583.0 |
               +--------+--------+--------+--------+--------+-----+--------+

Top non-repeatable levels by time:
     D:2: 940 daAuts
     D:1: 679 daAuts
     D:3: 129 daAuts
